 Dungeon Crawl Stone Soup version 0.28.0-53-g5a82cb258f (console) character file.

Game seed: 17841971967340323149

154 erker the Sneak (level 5, -3/31 HPs)
             Began as an Octopode Earth Elementalist on June 6, 2022.
             Killed from afar by Ijyb (16 damage)
             ... with an iceblast
             ... on level 3 of the Dungeon.
             The game lasted 00:07:04 (3071 turns).

erker the Sneak (Octopode Earth Elementalist)       Turns: 3071, Time: 00:07:04

Health: -3/31      AC:  1    Str:  7    XL:     5   Next: 35%
Magic:  8/8        EV: 13    Int: 19    God:
Gold:   121        SH:  0    Dex: 13    Spells: 4/8 levels left

rFire   . . .      SeeInvis .   a - +0 dagger
rCold   . . .      Faith    .   (no shield)
rNeg    . . .      Spirit   .   (helmet restricted)
rPois   .          Reflect  .   (no amulet)
rElec   .          Harm     .   (no ring)
rCorr   .          Rampage  .   (no ring)
Will    .....                   (no ring)
Stlth   +++.......              (no ring)
HPRegen 0.10/turn               (no ring)
MPRegen 0.11/turn               (no ring)
                                (no ring)
                                (no ring)

@: no status effects
A: almost no armour, amphibious, 8 rings, camouflage 1, gelatinous body 1,
(nimble swimmer 1), tentacles
a: no special abilities


You were on level 3 of the Dungeon.
You visited 1 branch of the dungeon, and saw 3 of its levels.

You collected 121 gold pieces.

Inventory:

Hand Weapons
 a - a +0 dagger (weapon)
Missiles
 b - 63 stones
 f - 17 sling bullets
Scrolls
 d - 2 scrolls of identify {unknown}
 i - a scroll of teleportation {unknown}
 j - a scroll of fog {unknown}
Potions
 c - 3 potions of flight {unknown}
 e - a potion of lignification {unknown}
 g - a potion of curing {unknown}
 h - a potion of magic {unknown}


   Skills:
 - Level 2.0 Dodging
 - Level 4.0 Stealth
 - Level 2.0 Spellcasting
 - Level 4.0 Transmutations
 + Level 3.7 Earth Magic


You had 4 spell levels left.
You knew the following spells:

 Your Spells              Type           Power      Damage    Failure   Level
a - Sandblast             Erth           32%        2d9       3%          1
s - Sting                 Tmut/Pois      36%        1d4       8%          1
w - Passwall              Tmut/Erth      13%        N/A       5%          2

Your spell library contained the following spells:

 Spells                   Type           Power      Damage    Failure   Level
 Stone Arrow              Conj/Erth      18%        3d8       24%         3
 Petrify                  Tmut/Erth      16%        N/A       34%         4


Dungeon Overview and Level Annotations

Branches:
Dungeon (3/15)

Altars:
The Shining One

Shops:
D:1 *

Annotations:
D:3 Ijyb


Innate Abilities, Weirdness & Mutations

You cannot wear most types of armour.
You are amphibious.
You can wear up to eight rings at the same time.
Your skin changes colour to match your surroundings (Stealth+).
Your rubbery body absorbs attacks. (AC +1, EV +1)
((You are camouflaged when in or above water. (Stealth+)))
You have tentacles for arms and can constrict up to eight enemies at once.


Message History

a +4 flail; a +0 ring mail
Found a stone staircase leading up.
Found a dagger.
Found a scroll labelled NOROCI KELLI.
Found a scroll labelled TAF DADESUSIQAONT.
You see here a +0 dagger.
j - a scroll labelled TAF DADESUSIQAONT You see here a +0 dagger.
Ijyb the Twisted Goblin comes into view.
She is wielding a +0 dagger and carrying a wand of iceblast (8).
Ijyb shouts!
Casting: Sandblast (safe; 3% risk of failure)
Confirm with . or Enter, or press ? or * to list all spells.
Aiming: Passwall (safe; 5% risk of failure)
Press: ? - help, Dir - move target A rock wall.
Ijyb screams, "Me very upset!"
You begin to meditate on the wall.
You continue meditating on the rock. x2
Ijyb screams, "Me very upset!"
You finish merging with the rock.
There is a stone staircase leading up here.
Press: ? - help, v - describe, . - travel
Here: Ijyb, wielding a +0 dagger, wearing a +0 leather armour and carrying a wand of iceblast (8)
The floor.
Memorise Sting, consuming 1 spell level and leaving 4?
You start memorising the spell.
You continue memorising.
You finish memorising.
Spell assigned to 'b'.
Adjust (i)tems, (s)pells, or (a)bilities?
Adjust which spell? b - Sting Adjust to which letter? s - Sting This spell is extremely dangerous to cast!
Memorise Petrify, consuming 4 spell levels and leaving 0?
You start memorising the spell.
You continue memorising. x3
Ijyb zaps a wand.
The mass of ice explodes!
Your memorisation is interrupted.
The iceblast engulfs you!!
Ouch! That really hurt!
Ijyb zaps a wand.
The mass of ice explodes!
The iceblast engulfs you!
Ouch! That really hurt!
You die...

#####..# #......#
## #.####.# .#
#.# #.# .## #
##.## #.# ..##.#
##...###.# .....#
##.....##.#
..####
##.......#.######
..#
#........@.g....#
..#
#...<...#.####.#
#.# ##....)##.#
#.# ##...###.#
#†# ##.## #.#
#.## ### #.#
...####### #.#
.........# #.#
...####..# #.#


You could see Ijyb.

Vanquished Creatures
  Terence (D:2)
  Natasha (thrice) (D:2)
  An adder (D:2)
  2 dart slugs (D:1)
  2 orcs (D:3)
  4 ball pythons
  5 bats
  An endoplasm (D:1)
  A giant cockroach (D:3)
  4 goblins
  5 hobgoblins
  5 quokkas
  2 frilled lizards (D:1)
  3 rats
39 creatures vanquished.

Vanquished Creatures (others)
  3 fungi (D:2)
  A plant (D:2)
4 creatures vanquished.

Grand Total: 43 creatures vanquished

Notes
Turn   | Place    | Note
-------+----------+-------------------------------------------
     0 | D:1      | erker the Octopode Earth Elementalist began the quest for
                  | the Orb.
     0 | D:1      | Reached XP level 1. HP: 11/11 MP: 3/3
   172 | D:1      | Found Azemmeuv's Assorted Antiques.
   187 | D:1      | Reached XP level 2. HP: 14/17 MP: 5/5
   194 | D:1      | Learned a level 2 spell: Passwall
  1608 | D:2      | Found a faded altar of an unknown god.
  1611 | D:2      | Reached XP level 3. HP: 21/21 MP: 6/6
  1614 | D:2      | Noticed Terence
  1702 | D:2      | Noticed Natasha
  1708 | D:2      | Killed Natasha
  1709 | D:2      | Reached XP level 4. HP: 15/27 MP: 2/7
  1908 | D:2      | Noticed Natasha
  1916 | D:2      | Killed Natasha
  1990 | D:2      | Noticed Natasha
  1996 | D:2      | Killed Natasha
  2023 | D:2      | Reached XP level 5. HP: 17/31 MP: 8/8
  2093 | D:2      | Killed Terence
  2251 | D:2      | Got Plato's Grimoire of Shape Shifting
  2672 | D:3      | Found a glowing golden altar of the Shining One.
  3025 | D:3      | Noticed Ijyb
  3067 | D:3      | Learned a level 1 spell: Sting
  3071 | D:3      | Killed from afar by Ijyb

Illustrated notes

Levels and vault maps discovered:
D:1:      psy_arrival_spokes, layout_loops_corners, serial_rivers,
          chequers_serial_rivers_room_b, chequers_serial_rivers_room_a,
          chequers_serial_rivers_large_b, chequers_serial_rivers_micro_b,
          serial_shops, shop, minmay_split_cup_small
D:2:      layout_loops_ring, shapermc_ecumenical_altar_rom_forum, uniq_terence,
          uniq_natasha
D:3:      layout_loops_ring, overflow_temple_1_default,
          mainiacjoe_overflow_chevrons, minmay_misc_feat_iff, uniq_ijyb

Skill      XL: |  1  2  3  4 |
---------------+-------------+-----
Stealth        | 3 4 |  4.0
Transmutations | 2 3 4 |  4.0
Dodging        | |  2.0
Spellcasting   | |  2.0
Earth Magic    | |  3.7

Action                   |  1- 3 |  4- 6 || total
-------------------------+-------+-------++-------
Melee: Unarmed           |    55 |    39 ||    94
       Tentacles         |    17 |    18 ||    35
       Constrict         |    16 |    18 ||    34
       Punch             |     1 |     1 ||     2
       Dagger            |       |     9 ||     9
 Cast: Sandblast         |     7 |    10 ||    17
       Passwall          |       |     3 ||     3
 Stab: Sleeping          |     5 |     4 ||     9
Armor: Skin              |     8 |    12 ||    20
Dodge: Dodged            |    41 |    39 ||    80
